 Dungeon Crawl Stone Soup version 0.19.1-1-g22dce08 (webtiles) character file.

4839 galech the Grappler (level 10, -9/104 HPs)
             Began as a Troll Monk on Dec 31, 2016.
             Was a Believer of Okawaru.
             Mangled by a two-headed ogre
             ... wielding a +0 giant spiked club
              (30 damage)
             ... on level 9 of the Dungeon.
             The game lasted 00:18:17 (6043 turns).

galech the Grappler (Troll Monk)                    Turns: 6043, Time: 00:18:17

Health: -9/104     AC:  9    Str: 26    XL:     10   Next: 25%
Magic:  9/9        EV: 13    Int:  8    God:    Okawaru [**....]
Gold:   349        SH:  0    Dex: 12    Spells: 0 memorised, 9 levels left

rFire  . . .     SeeInvis .       - Unarmed
rCold  . . .     Gourm    +     a - +0 robe
rNeg   . . .     Faith    .     (no shield)
rPois  .         Spirit   .     (helmet restricted)
rElec  .         Reflect  .     h - +1 cloak
rCorr  .         Harm     .     (gloves unavailable)
MR     .....                    (boots unavailable)
Stlth  ++........               (no amulet)
                                (no ring)
                                (no ring)

@: no status effects
A: unfitting armour, claws 3, slimy green scales 1, clever 1, fast metabolism 3,
gourmand, regeneration 1, shaggy fur 1, strong 1, tough skin 2
a: Heroism, Renounce Religion


You were on level 9 of the Dungeon.
You worshipped Okawaru.
Okawaru was pleased with you.
You were very full.

You visited 2 branches of the dungeon, and saw 10 of its levels.

You collected 349 gold pieces.

Inventory:

Armour
 a - a +0 robe (worn)
 h - a +1 cloak (worn)
Wands
 o - a wand of slowing (15/48)
 t - a wand of digging (3/24)
 u - a wand of flame (19/48)
 w - a wand of disintegration (14/24)
 E - a wand of confusion (28/48)
 F - a wand of random effects (19/48)
Scrolls
 d - 3 scrolls of immolation
 f - 4 scrolls of recharging
 m - 4 scrolls of teleportation
 n - a scroll of fear
 r - 3 scrolls of remove curse
 s - a scroll of blinking
 y - a scroll of magic mapping {unknown}
 z - a scroll of noise {unknown}
 A - a scroll of amnesia {unknown}
 C - a scroll of fog {unknown}
 D - a scroll of random uselessness {unknown}
Potions
 e - 2 potions of heal wounds {unknown}
 j - a potion of brilliance {unknown}
 k - 2 potions of degeneration {unknown}
 l - 3 potions of curing {unknown}
 v - a potion of cancellation {unknown}
 x - 2 potions of might {unknown}
Books
 p - a book of Frost

   Spells                             Type                      Level
   a - Freeze                         Ice                          1
   b - Throw Frost                    Conjuration/Ice              2
   c - Ozocubu's Armour               Charms/Ice                   3
   d - Throw Icicle                   Conjuration/Ice              4
   e - Summon Ice Beast               Ice/Summoning                4
Comestibles
 b - 5 bread rations
 g - 4 meat rations
 i - 4 fruits
 q - 2 beef jerkies
 B - a slice of pizza


   Skills:
 + Level 7.7 Fighting
 + Level 7.8 Dodging
 - Level 1.1 Stealth
 + Level 9.2 Unarmed Combat


You had 9 spell levels left.
You didn't know any spells.

Dungeon Overview and Level Annotations

Branches:
Dungeon (9/15)             Temple (1/1) D:7
   Lair: D:8-11         Orc: D:9-12

Altars:
Ashenzari
Cheibriados
Dithmenos
Elyvilon
Fedhas
Gozag
Hepliaklqana
Kikubaaqudgha
Makhleb
Nemelex Xobeh
Okawaru
Qazlal
Ru
Sif Muna
Trog
Uskayaw
Vehumet
Xom
Yredelemnul
Zin
The Shining One

Shops:
D:5 *

Portals:
Bailey: D:9


Innate Abilities, Weirdness & Mutations

You are too large for most types of armour.
You have claws for hands.
Your metabolism is lightning-fast.
You like to eat raw meat.
Your natural rate of healing is unusually fast.
You are covered in fur. (AC +1)
You have very tough skin. (AC +2)
You are partially covered in slimy green scales. (AC +2)
Your mind is acute. (Int +2)
Your muscles are strong. (Str +2)


Message History

The wyvern barely misses you.
You mangle the wyvern!!
The wyvern is severely wounded.
The wyvern misses you.
You claw the wyvern!
You kill the wyvern!
Okawaru accepts your kill.
You claw the two-headed ogre!
The two-headed ogre is moderately wounded.
The two-headed ogre hits you with a giant spiked club!
* * * LOW HITPOINT WARNING * * *
The two-headed ogre barely misses you.
You are too injured to fight recklessly!
You are too injured to fight recklessly!
You are too injured to fight recklessly!
You are too injured to fight recklessly!
You claw the two-headed ogre!
The two-headed ogre is heavily wounded.
The two-headed ogre hits you with a giant spiked club!!
You die...

#.........#...........#
+.%.......+...........##
#.........#............. .
#.........#...........###..
#.........#...............
#..............#.....≈≈≈≈≈
...............'.....≈#####
##......#......#O....≈#...#
.'......#......#@....≈..∩.#
##......#......#†...)≈#...#
##......#.....)#)....≈#####
##.............')....≈≈≈≈≈≈
##.............#.#.........
##....(........#.#....#....
##.............#.#.........
.#.............#...........
.#........O....#...........


You could see a two-headed ogre.

Vanquished Creatures
  An elephant (D:9)
  The ghost of timez0r the Cleaver, a novice MiBe of Trog (D:7)
  The ghost of dngmouse the Covert, a novice SpEn of Ashenzari (D:5)
  A hippogriff (D:9)
  A wyvern (D:9)
  2 hungry ghosts
  A water moccasin (D:5)
  2 orc warriors
  A sky beast (D:6)
  An ice beast (D:8)
  A black bear (D:7)
  2 phantoms
  A necrophage (D:6)
  An ogre (D:8)
  3 centaurs
  A crocodile (D:9)
  2 bullfrogs
  5 big kobolds
  A water moccasin zombie (D:7)
  A wyvern skeleton (D:7)
  3 scorpions
  8 wights
  4 howler monkeys
  2 crimson imps
  A bullfrog skeleton (D:5)
  4 orc priests
  2 hounds
  4 orc wizards
  2 centaur skeletons
  A gnoll shaman (D:7)
  Natasha (D:3)
  An iguana (D:9)
  5 worker ants
  A hound skeleton (D:6)
  A worker ant zombie (D:8)
  13 adders
  7 gnolls (D:7)
  2 shadow imps (D:5)
  An adder zombie (D:6)
  A worm (D:3)
  A dart slug (D:3)
  7 leopard geckos
  19 orcs
  12 bats
  5 giant cockroaches
  11 goblins
  7 hobgoblins
  2 jackals (D:8)
  3 quokkas
  A ball python zombie (D:5)
  3 frilled lizards
  A jackal skeleton (D:7)
  31 kobolds
  A quokka zombie (D:8)
  6 rats
204 creatures vanquished.

Notes
Turn   | Place    | Note
-------+----------+-------------------------------------------
     0 | D:1      | galech the Troll Monk began the quest for the Orb.
     0 | D:1      | Reached XP level 1. HP: 22/22 MP: 0/0
   134 | D:1      | Reached XP level 2. HP: 29/29 MP: 1/1
   854 | D:2      | Reached XP level 3. HP: 36/36 MP: 2/2
  1432 | D:3      | Noticed Natasha
  1677 | D:3      | Killed Natasha
  1677 | D:3      | Reached XP level 4. HP: 31/45 MP: 3/3
  1741 | D:3      | Reached XP level 5. HP: 46/53 MP: 4/4
  1868 | D:3      | Reached skill level 4 in Unarmed Combat
  2112 | D:3      | Noticed a hungry ghost
  2131 | D:3      | Killed a hungry ghost
  2131 | D:3      | Reached XP level 6. HP: 59/62 MP: 5/5
  2866 | D:4      | Reached skill level 5 in Unarmed Combat
  3090 | D:5      | Entered Level 5 of the Dungeon
  3161 | D:5      | Reached XP level 7. HP: 69/70 MP: 6/6
  3190 | D:5      | Noticed dngmouse's ghost (novice SpEn)
  3236 | D:5      | Killed dngmouse's ghost
  3243 | D:5      | Reached skill level 5 in Dodging
  3251 | D:5      | Reached skill level 5 in Fighting
  3386 | D:5      | Reached skill level 6 in Unarmed Combat
  3386 | D:5      | Reached XP level 8. HP: 76/80 MP: 7/7
  3397 | D:5      | Found Gozag's Platinum Reserve.
  3409 | D:5      | Found an opulent altar of Gozag.
  3560 | D:6      | Gained mutation: Your muscles are strong. (Str +2) [mutagenic meat]
  3561 | D:6      | Gained mutation: You are partially covered in slimy green scales. (AC +2) [mutagenic meat]
  3562 | D:6      | Gained mutation: Your mind is acute. (Int +2) [mutagenic meat]
  3715 | D:6      | Found a hazy altar of Hepliaklqana.
  3758 | D:6      | Found a sacrificial altar of Ru.
  3958 | D:6      | Reached skill level 7 in Unarmed Combat
  4133 | D:6      | Found a burning altar of Makhleb.
  4208 | D:7      | Found a staircase to the Ecumenical Temple.
  4219 | Temple   | Entered the Ecumenical Temple
  4376 | D:7      | Reached XP level 9. HP: 85/89 MP: 8/8
  4426 | D:7      | Noticed timez0r's ghost (novice MiBe)
  4576 | D:7      | Killed timez0r's ghost
  4829 | D:7      | Reached skill level 8 in Unarmed Combat
  5037 | D:7      | Found a blossoming altar of Fedhas.
  5048 | D:7      | Found a snail-covered altar of Cheibriados.
  5667 | D:8      | Found a sparkling altar of Nemelex Xobeh.
  5810 | D:8      | Found an iron altar of Okawaru.
  5821 | D:8      | Became a worshipper of Warmaster Okawaru
  5821 | D:8      | Reached * piety under Okawaru
  5821 | D:8      | Reached ** piety under Okawaru
  5891 | D:9      | Reached XP level 10. HP: 72/102 MP: 9/9
  5961 | D:9      | Reached skill level 9 in Unarmed Combat
  5995 | D:9      | Found a flagged portal.
  6018 | D:9      | Noticed an elephant
  6034 | D:9      | Killed an elephant
  6043 | D:9      | Mangled by a two-headed ogre

Skill      XL: |  1  2  3  4  5  6  7  8  9 10 |
---------------+-------------------------------+-----
Dodging        | 3 4 5 6 7 |  7.8
Fighting       | 3 4 5 6 7 |  7.7
Unarmed Combat | 4 5 6 7 8 9 |  9.2
Stealth        | |  1.1

Action                   |  1- 3 |  4- 6 |  7- 9 | 10-12 || total
-------------------------+-------+-------+-------+-------++-------
Melee: Unarmed           |   108 |   118 |   366 |    60 ||   652
       Punch             |       |     3 |     7 |     1 ||    11
  Use: Scroll            |       |       |     5 |     1 ||     6
 Stab: Sleeping          |     3 |       |     1 |     1 ||     5
  Eat: Chunk             |    19 |    19 |    41 |       ||    79
Armor: Robe              |    42 |    44 |   120 |    14 ||   220
Dodge: Dodged            |    64 |    70 |   227 |    25 ||   386
